 BcadrenCrawl: Boulder Brew version 0.05.21-27-ga03c02ce52 (webtiles) character file.

Game seed: 782172693580189302, levelgen mode: deterministic

939 gruber the Arsonist (level 7, -2/32 HPs) Molten Gargoyle Fire Elementalist. Began on July 13, 2021. Slain by an ogre ... wielding a cursed +4 giant club {(Curse: Fragile)} (34 damage) ... on level 3 of the Dungeon on July 14, 2021. The game lasted 00:10:28 (3257 turns).

gruber the Arsonist (MGFE)                          Turns: 3257, Time: 00:10:28

Health: -2/32      AC:  4    Str:  5    XL:     7 ^: 84
Magic:  13/13      EV: 12    Int: 18    God:
Gold:   39         SH:  2    Dex: 22    Spells: 11/14 levels left

rFire    + + +     Vision   .   l - +0 rapier
rCold    x x .     Gourm    .   g - +0 buckler
rNeg     + . .     Faith    .   a - +0 robe
rCorr    . . .     Spirit   .   (no helmet)
rPois    ∞         Reflect  .   (no cloak)
rElec    +         Harm     .   (no gloves)
MR       .....                  (no boots)
Stlth    ++........             (no amulet)
HPRegen  0.20/turn              (no ring)
MPRegen  0.23/turn              (no ring)

@: no status effects
A: torment immune, lava walking, breathe magma 1, fire resistance 3, negative
energy resistance 1, electricity resistance, �#dU, unbreathing, petrification
resistance, cold vulnerability 2, rot immunity, core melding 2
a: Breathe Magma


You were on level 3 of the Dungeon.
You were hungry.

You visited 1 branch of the dungeon, and saw 3 of its levels.

You collected 39 gold pieces.

Inventory:

Weapons
 l - a +0 rapier (weapon) Shields
 g - a +0 buckler (shield)
Armour
 a - a +0 robe (worn)
Wands
 k - a wand of ensnaring (2)
Scrolls
 b - 4 scrolls of teleportation
 d - a scroll of holy word
Potions
 e - 4 potions of curing
 f - a potion of cancellation
 h - 2 potions of agility
 j - a potion of resistance
Comestibles
 c - 4 rations


   Skills:
 - Level 2.2 Dodging
 - Level 1.5 Stealth
 * Level 4.3 Spellcasting
 - Level 11.2 Fire Magic


You had 11 spell levels left.
You knew the following spells:

 Your Spells              Type           Power        Failure   Level  Hunger
a - Foxfire               Fire           25 (25)      1%          1    None
b - Searing Ray           Fire           44 (50)      1%          2    ##.....

Your spell library contained the following spells:

 Spells                   Type           Power        Failure   Level  Hunger
 Conjure Flame            Fire           44 (100)     1%          3    ###....
 Fireball                 Fire           44 (200)     6%          5    ######.
 Inner Flame              Hex/Fire       24 (100)     7%          3    ###....
 Sticky Flame             Fire/Pois      24 (100)     24%         4    ####...


Dungeon Overview and Level Annotations

Branches:
Dungeon (3/8)

Altars:
Qazlal


Innate Abilities, Weirdness & Mutations

You are resistant to torment.
You are not damaged by walking on lava.
You are immune to poison.
You can breathe lava.
You are almost immune to the effects of heat. (rF+++)
You resist negative energy. (rN+)
You are resistant to electric shocks. (rElec)
You can survive without breathing.
You are immune to petrification.
You are very vulnerable to cold. (rC--)
You are immune to rotting.
The molten core of your body molds to fit into any body armour perfectly. (2x Base AC and No Encumberance from Armour).
You are extremely agile. (DEX +6)


Message History

The worker ant is engulfed in a cloud of scalding steam (5).
You kill the worker ant!
Unknown command.
Unknown command.
You enter the shallow water.
Moving in this stuff is going to be slow.
You start waiting.
Magic restored.
You start waiting.
You are feeling hungry.
You start waiting.
HP restored.
(D) Dungeon
Where to? (Enter - D:3, ? - help)
There is a stone staircase leading down here.
You climb downwards.
An ogre comes into view.
The ogre hits you with a cursed +4 giant club {(Curse: Fragile)} (34)!!
Ouch! That really hurt!
You die...

### ..# #.. #
#.##
#.##.#.O#.###.
#....J@......#
#)......$......
#$#####.####..#
#.# . #.. ###


You could see an ogre and an ooze.

Vanquished Creatures
  Eustachio (D:2)
  4 big kobolds
  A bullfrog (D:1)
  6 jellies (D:2)
  A worker ant (D:2)
  4 giant cockroaches (D:2)
  6 adders (D:2)
  7 sewer rats
  2 cinder newts
  A worm (D:2)
  2 oozes (D:2)
  3 dart slugs (D:1)
  2 leopard geckos (D:2)
  An adder skeleton (D:2)
  8 bats
  A goblin (D:1)
  3 hobgoblins (D:1)
  27 kobolds
  3 ball pythons
  2 bat skeletons (D:2)
  2 goblin skeletons (D:2)
  4 rats
  3 withered plants (D:2)
94 creatures vanquished.

Vanquished Creatures (others)
  210 foxfires
  A slimehead (D:2)
  6 toadstools (D:3)
  81 withered plants (D:2)
298 creatures vanquished.

Grand Total: 392 creatures vanquished

Notes
Turn   | Place    | Note
-------+----------+-------------------------------------------
     0 | D:1      | gruber the Molten Gargoyle Fire Elementalist began the
                  | quest for the Orb.
     0 | D:1      | Reached XP level 1. HP: 9/9 MP: 3/3
   140 | D:1      | Reached XP level 2. HP: 13/13 MP: 0/5
   429 | D:1      | Reached skill level 5 in Fire Magic
   644 | D:1      | Reached XP level 3. HP: 16/16 MP: 1/6
   869 | D:2      | Noticed a bullfrog
   890 | D:1      | Learned a level 2 spell: Searing Ray
  1046 | D:1      | Killed a bullfrog
  1046 | D:1      | Reached skill level 7 in Fire Magic
  1046 | D:1      | Reached XP level 4. HP: 5/21 MP: 0/7
  1234 | D:2      | Reached XP level 5. HP: 24/24 MP: 4/8
  1299 | D:2      | Reached skill level 8 in Fire Magic
  1494 | D:2      | Reached XP level 6. HP: 27/28 MP: 3/9
  1495 | D:2      | Reached skill level 9 in Fire Magic
  1819 | D:1      | Reached skill level 10 in Fire Magic
  2011 | D:2      | Reached XP level 7. HP: 32/32 MP: 1/10
  2222 | D:2      | Identified the cursed amulet of Jexudyfi {Chaos *Slow rPois
                  | rF+ Str+5, (Curse: Fragile MR-)}
  2222 | D:2      | Found a faded altar of an unknown god.
  2229 | D:2      | Reached skill level 11 in Fire Magic
  2519 | D:2      | Found a stormy altar of Qazlal.
  3140 | D:3      | Noticed Eustachio
  3147 | D:2      | Killed Eustachio
  3257 | D:3      | Slain by an ogre

Levels and vault maps discovered:
D:1:      minmay_arrival_stair_chambers, layout_basic, mrwooster_statue_mirror
D:2:      layout_sewer, nicolae_overflow_crystal_walls, first_ration,
          chequers_ecumenical_altar_island
D:3:      cheibrodos_fertilizer, layout_loops_ring,
          nicolae_overflow_hidden_temple, uniq_blork_the_orc, uniq_eustachio,
          uniq_sigmund

Skill      XL: |  1  2  3  4  5  6  7 |
---------------+----------------------+-----
Fire Magic     | 5 7 8 10 11 | 11.2
Spellcasting   | 4 |  4.3
Dodging        | |  2.2
Stealth        | |  1.5

Action                   |  1- 3 |  4- 6 |  7- 9 || total
-------------------------+-------+-------+-------++-------
Melee: Unarmed           |    18 |    24 |    20 ||    62
       Short sword       |       |       |    44 ||    44
 Cast: Foxfire           |    66 |    26 |    38 ||   130
       Searing Ray       |     3 |    26 |     7 ||    36
 Abil: Breathe Magma     |       |     3 |     3 ||     6
  Use: Potion            |       |       |     1 ||     1
 Stab: Sleeping          |       |       |     2 ||     2
  Eat: Chunk             |       |     3 |     6 ||     9
       Ration            |       |     1 |       ||     1
Armor: Robe              |     6 |    11 |    15 ||    32
Dodge: Dodged            |    27 |    38 |    43 ||   108
Block: Buckler           |       |       |     1 ||     1
